 Dungeon Crawl Stone Soup version bcrawl-1.28.4 (webtiles) character file.

Game seed: 4551399319640306504

172342 esc the Skirmisher (level 5, -9/41 HPs)
             Began as a Hill Orc Archaeologist on Jan 14, 2021.
             Was an Initiate of Hepliaklqana.
             Killed by divine providence
             ... invoked by an orc priest
              (11 damage)
             ... on level 3 of the Dungeon.
             The game lasted 00:07:11 (2461 turns).

esc the Skirmisher (Hill Orc Archaeologist)         Turns: 2461, Time: 00:07:11

Health: -9/41      AC:  7    Str: 18    XL:     5   Next: 98%
Magic:  5/5        EV: 11    Int: 18    God:    Hepliaklqana [......]
Gold:   79         SH:  0    Dex: 10    Spells: 4/4 levels left

rFire    . . .     SeeInvis .   a - +0 lajatang (speed)
rCold    . . .     Gourm    .   (shield currently unavailable)
rNeg     . . .     Faith    .   x - +0 ring mail
rPois    .         Spirit   .   d - +1 hat
rElec    .         Reflect  .   n - +0 cloak
rCorr    .         Harm     .   (no gloves)
MR       .....                  i - +1 pair of boots
Stlth    +.........             (no amulet)
HPRegen  0.13/turn              v - +4 ring of intelligence
MPRegen  0.09/turn              (no ring)

@: no status effects
A: reduced essence, deformed body, strong 2, wild magic 1
a: Recall Ancestor, Ancestor Identity, Renounce Religion, Convert to Beogh


You were on level 3 of the Dungeon.
You worshipped Hepliaklqana.
Hepliaklqana was noncommittal.
You were not hungry.

You visited 1 branch of the dungeon, and saw 3 of its levels.

You collected 79 gold pieces.

Inventory:

Hand Weapons
 a - a +0 lajatang of speed (weapon)
 b - a +0 hunting sling of flaming
 p - a +0 blowgun
Missiles
 f - 6 curare-tipped needles
 q - 1030 stones (quivered)
 A - 302 sling bullets
 B - 13 poisoned needles
Armour
 d - a +1 hat (worn)
 i - a +1 pair of boots (worn)
 n - a +0 cloak (worn)
 x - a +0 ring mail (worn)
Jewellery
 v - a +4 ring of intelligence (left hand)
Wands
 w - a wand of flame (12)
Scrolls
 g - a scroll of magic mapping
 j - a scroll of fear {unknown}
 m - a scroll of immolation {unknown}
 o - 2 scrolls of teleportation
 r - a scroll of amnesia {unknown}
 t - a scroll of noise {unknown}
 u - a scroll of enchant armour {unknown}
Potions
 l - 3 potions of flight
 z - a potion of magic {unknown}
Comestibles
 e - 3 rations {!d}
 k - 11 chunks of flesh


   Skills:
 + Level 4.0 Fighting
   Level 4.0 Short Blades
   Level 4.0 Long Blades
   Level 4.0 Axes
   Level 4.0 Maces & Flails
   Level 4.0 Polearms
   Level 4.0 Staves
 - Level 2.2 Slings
 + Level 2.1 Armour
 - Level 2.4 Dodging
 - Level 2.6 Stealth
   Level 4.0 Unarmed Combat


You had 4 spell levels left.
You didn't know any spells.
Your spell library contained the following spells:

 Spells                   Type           Power        Failure   Level  Hunger
 Confuse                  Hex            #.......     82%         3    #####..
 Dazzling Orbs            Conj/Hex       #......      82%         3    #####..
 Petrify                  Tmut/Erth      #.........   99%         4    ######.
 Yara's Violent Unravell  Hex/Tmut       #.........   99%         4    ######.
 Metabolic Englaciation   Hex/Ice        #.........   100%        5    #######
 Mana Rupture             Conj/Hex       #.........   100%        7    #######


Dungeon Overview and Level Annotations

Branches:
Dungeon (3/12)

Altars:
Gozag
Hepliaklqana
Xom
The Shining One


Innate Abilities, Weirdness & Mutations

Your life essence is reduced to manifest your ancestor. (-10% HP)
Armour fits poorly on your strangely shaped body.
Your muscles are very strong. (Str +4)
Your spells are a little harder to cast, but a little more powerful.


Message History

Your hands tingle!
a - a +0 lajatang of speed (weapon)
The orc priest invokes the aid of Beogh against you.
Pain shoots through your body!
The orc priest invokes the aid of Beogh against you.
Pain shoots through your body!
Okay, then.
A quokka comes into view.
The orc priest invokes the aid of Beogh against you.
Beogh smites you!
* * * LOW HITPOINT WARNING * * *
A worm comes into view.
The orc priest hits you but does no damage.
It was a potion of mutation.
You feel extremely strange.
Your body twists and deforms.
You feel stronger.
You feel less in control of your magic.
You feel stronger. The orc priest misses you.
The orc priest mumbles some strange prayers to Beogh against you.
Beogh smites you!
You die...

... #######. ..##
##....... ... ...#....
.(# ........ ###r.#
....#.# ....## .o..#.#
##oo..### #...#.#
#.@.#.... ##....#
#.R....... ##..##
#######.........
###..####.......#......w
.......................#
.......................#
................#.....##
..)...................#
................#.....#


You could see the friendly Gaius the ancestor, a worm, 2 orc priests and a
quokka.

Vanquished Creatures
  An orc wizard (D:3)
  An orc priest (D:3)
  2 adders (D:3)
  A howler monkey skeleton (D:2)
  A dart slug (D:1)
  5 leopard geckos
  11 orcs
  3 giant cockroaches
  7 goblins
  10 hobgoblins
  10 kobolds
  8 bats
  7 frilled lizards
  2 rats
69 creatures vanquished.

Vanquished Creatures (collateral kills)
  A jelly (D:3)
  Robin (D:3)
  3 goblins (D:3)
  A hobgoblin (D:3)
6 creatures vanquished.

Grand Total: 75 creatures vanquished

Notes
Turn   | Place    | Note
-------+----------+-------------------------------------------
     0 | D:1      | esc the Hill Orc Archaeologist began the quest for the Orb.
     0 | D:1      | Reached XP level 1. HP: 16/16 MP: 1/1
   252 | D:1      | Reached skill level 2 in Fighting
   345 | D:1      | Reached XP level 2. HP: 20/24 MP: 2/2
  1023 | D:1      | Reached XP level 3. HP: 27/30 MP: 3/3
  1265 | D:2      | Found a glowing golden altar of the Shining One.
  1373 | D:2      | Reached skill level 1 in Slings
  1374 | D:2      | Reached skill level 3 in Fighting
  1563 | D:2      | Reached XP level 4. HP: 35/38 MP: 4/4
  2094 | D:3      | Found an opulent altar of Gozag.
  2113 | D:3      | Reached XP level 5. HP: 40/45 MP: 5/5
  2113 | D:3      | Identified a scroll of acquirement
  2136 | D:3      | Identified the amulet of Nidan {Spirit +Blink Str+2} (You
                  | acquired it on level 3 of the Dungeon)
  2152 | D:3      | Found a shimmering altar of Xom.
  2156 | D:3      | Found a hazy altar of Hepliaklqana.
  2164 | D:3      | Became a worshipper of Hepliaklqana the Forgotten
  2241 | D:3      | Reached skill level 1 in Armour
  2385 | D:3      | Noticed Robin
  2394 | D:3      | Killed Robin
  2403 | D:3      | Reached skill level 4 in Fighting
  2459 | D:3      | HP: 2/41 [orc priest/divine providence (11)]
  2461 | D:3      | Gained mutation: Armour fits poorly on your strangely
                  | shaped body. [potion of mutation]
  2461 | D:3      | Gained mutation: Your muscles are strong. (Str +2) [potion
                  | of mutation]
  2461 | D:3      | Gained mutation: Your spells are a little harder to cast,
                  | but a little more powerful. [potion of mutation]
  2461 | D:3      | Gained mutation: Your muscles are very strong. (Str +4)
                  | [potion of mutation]
  2461 | D:3      | Killed from afar by an orc priest

Skill      XL: |  1  2  3  4  5 |
---------------+----------------+-----
Fighting       | 2 3 4 |  4.0
Slings         | 1 2 |  2.2
Armour         | 2 |  2.1
Short Blades   | |  4.0
Long Blades    | |  4.0
Axes           | |  4.0
Maces & Flails | |  4.0
Polearms       | |  4.0
Staves         | |  4.0
Dodging        | |  2.4
Stealth        | |  2.6
Unarmed Combat | |  4.0

Action                   |  1- 3 |  4- 6 || total
-------------------------+-------+-------++-------
Melee: Whip              |    79 |       ||    79
       Hand axe          |    26 |    46 ||    72
       Punch             |     1 |       ||     1
       Dagger            |       |     5 ||     5
       Lajatang          |       |    32 ||    32
 Fire: Hunting sling     |    51 |    52 ||   103
  Use: Scroll            |     1 |     2 ||     3
       Potion            |       |     1 ||     1
 Stab: Sleeping          |     3 |     1 ||     4
  Eat: Chunk             |     6 |     7 ||    13
Armor: Robe              |    38 |    18 ||    56
       Ring mail         |       |    15 ||    15
Dodge: Dodged            |    71 |    56 ||   127
